 Dungeon Crawl Stone Soup version 0.17-a0-229-g5ae695d (webtiles) character file.

442 Boldrick the Covered (level 7, -3/44 HPs)
             Began as a Gargoyle Berserker on Mar 29, 2015.
             Was an Elder of Trog.
             Slain by an ice beast (7 damage)
             ... on level 4 of the Dungeon.
             The game lasted 00:06:56 (3103 turns).

Boldrick the Covered (Gargoyle Berserker)           Turns: 3103, Time: 00:06:57

Health: -3/44      AC: 12    Str: 20    XL:     7   Next: 2%
Magic:  7/7        EV: 11    Int:  8    God:    Trog [****..]
Gold:   122        SH:  0    Dex: 11    Spells: 0 memorised, 6 levels left

rFire  . . .     SeeInvis .     t - +0 flail
rCold  . . .     Clarity  .     f - +0 scale mail
rNeg   + . .     SustAb   .     (no shield)
rPois  ∞         Gourm    .     (no helmet)
rElec  +         Spirit   .     (no cloak)
rCorr  .         Warding  .     (no gloves)
rMut   .         Stasis   .     (no boots)
MR     .....                    (no amulet)
Stlth  ..........               (no ring)
                                (no ring)

@: not resistant to hostile enchantments, extremely unstealthy
A: negative energy resistance 1, electricity resistance, unbreathing,
petrification resistance, rot immunity, AC +4
a: Burn Spellbooks, Berserk, Trog's Hand, Brothers in Arms, Renounce Religion


You were on level 4 of the Dungeon.
You worshipped Trog.
Trog was greatly pleased with you.
You were not hungry.

You visited 1 branch of the dungeon, and saw 4 of its levels.

You collected 122 gold pieces.

Inventory:

Hand weapons
 t - a +0 flail (weapon)
Armour
 f - a +0 scale mail (worn)
Magical devices
 h - a wand of random effects (17)
Scrolls
 e - 4 scrolls of remove curse {unknown}
 g - a scroll of random uselessness {unknown}
 j - 6 scrolls of identify {unknown}
 l - 2 scrolls of fear {unknown}
 n - 3 scrolls of blinking {unknown}
 o - 2 scrolls of enchant armour {unknown}
 q - a scroll of enchant weapon {unknown}
Potions
 b - a potion of agility {unknown}
 d - 2 potions of curing {unknown}
 i - a potion of haste
 k - a potion of cancellation {unknown}
 m - a potion of heal wounds {unknown}
 p - a potion of degeneration {unknown}
 r - a potion of restore abilities {unknown}
Comestibles
 c - 3 bread rations


   Skills:
 + Level 4.3 Fighting
 + Level 4.4 Maces & Flails
 * Level 5.0 Armour
 + Level 3.4 Dodging


You had 6 spell levels left.
You didn't know any spells.

Dungeon Overview and Level Annotations

Branches:
Dungeon (4/15)
 Temple: D:4-7

Altars:
Cheibriados
Elyvilon
Fedhas
Sif Muna
Vehumet
Zin


Innate Abilities, Weirdness & Mutations

You are resistant to torment.
You are immune to poison.
Your stone body is very resilient (AC +4).
You resist negative energy.
You are resistant to electric shocks.
You can survive without breathing.
You are immune to petrification.
You are immune to rotting.


Message History

You closely miss the ice beast.
The ice beast is moderately wounded.
The ice beast hits you but does no damage.
You hit the ice beast.
The ice beast is heavily wounded.
The ice beast hits you but does no damage.
You hit the ice beast but do no damage.
The ice beast is heavily wounded.
The ice beast hits you but does no damage.
You hit the ice beast!
The ice beast is severely wounded.
The ice beast misses you.
You barely miss the ice beast.
The ice beast is severely wounded.
The ice beast hits you. The ice beast freezes you!
* * * LOW HITPOINT WARNING * * *
The ice beast hits you.
* * * LOW HITPOINT WARNING * * *
The ice beast freezes you!
You die...

#..### ####
##...##....##
#..........#
##..........#
##..........#
#...#####....########
#..........##
#.......(..##
..##......@.#
#...%$#.Y#
##....##..# #.....
#..# #..##.. .... #..
##.. ..... .. #. ...
..


You could see an ice beast.

Vanquished Creatures
  A gnoll sergeant (D:4)
  A scorpion (D:4)
  2 gnoll shamans (D:3)
  A hound (D:4)
  An orc wizard (D:3)
  3 adders
  11 gnolls
  A giant mite (D:1)
  2 giant geckos (D:1)
  An ooze (D:1)
  An orc (D:4)
  15 bats
  2 giant cockroaches
  8 goblins
  8 hobgoblins
  4 jackals (D:3)
  2 ball pythons
  6 giant newts
  9 kobolds
  A quokka (D:3)
  9 rats
89 creatures vanquished.

Notes
Turn   | Place    | Note
--------------------------------------------------------------
     0 | D:1      | Boldrick, the Gargoyle Berserker, began the quest for the Orb.
     0 | D:1      | Reached XP level 1. HP: 14/14 MP: 1/1
   117 | D:1      | Reached XP level 2. HP: 4/19 MP: 2/2
   817 | D:1      | Reached XP level 3. HP: 14/24 MP: 3/3
   885 | D:1      | Acquired Trog's second power
  1091 | D:2      | Found a blossoming altar of Fedhas.
  1094 | D:2      | Found a white marble altar of Elyvilon.
  1097 | D:2      | Found a radiant altar of Vehumet.
  1100 | D:2      | Found a snail-covered altar of Cheibriados.
  1318 | D:2      | Found a glowing silver altar of Zin.
  1463 | D:3      | Reached XP level 4. HP: 29/29 MP: 4/4
  1511 | D:3      | Reached skill level 4 in Fighting
  2048 | D:3      | Found a deep blue altar of Sif Muna.
  2056 | D:3      | Reached XP level 5. HP: 19/33 MP: 5/5
  2136 | D:3      | Noticed a gnoll sergeant
  2144 | D:3      | HP: 1/49 [gnoll/halberd (5)]
  2236 | D:4      | Killed a gnoll sergeant
  2236 | D:4      | Reached XP level 6. HP: 11/38 MP: 6/6
  2494 | D:3      | Acquired Trog's third power
  2967 | D:4      | Reached skill level 5 in Armour
  2967 | D:4      | Reached XP level 7. HP: 36/44 MP: 7/7
  3084 | D:4      | Noticed an ice beast
  3103 | D:4      | Slain by an ice beast

Action                   |  1- 3 |  4- 6 |  7- 9 || total
-------------------------+-------+-------+-------++-------
Melee: Mace              |   141 |   133 |       ||   274
       Flail             |       |    61 |    24 ||    85
Invok: Burn Spellbooks   |       |     1 |       ||     1
       Berserk           |       |     2 |       ||     2
       Trog's Hand       |       |     1 |       ||     1
  Eat: Fruit             |     2 |       |       ||     2
       Bread ration      |       |     2 |       ||     2
       Beef jerky        |       |     1 |       ||     1
